 Dungeon Crawl Stone Soup version 0.29-a0-422-gafbd6decc1 (webtiles) character file.

Game seed: 14567746078064255137

74 xian the Grasshopper (level 4, -9/34 HPs)
             Began as a Demonspawn Warper on May 18, 2022.
             Mangled by Crazy Yiuf
             ... wielding a +4 quarterstaff of chaos
              (18 damage)
             ... on level 2 of the Dungeon.
             The game lasted 00:04:58 (1575 turns).

xian the Grasshopper (Demonspawn Warper)            Turns: 1575, Time: 00:04:59

Health: -9/34      AC:  3    Str: 11    XL:     4   Next: 10%
Magic:  7/7        EV: 11    Int: 16    God:
Gold:   74         SH:  0    Dex: 13    Spells: 5/7 levels left

rFire   . . .      SeeInvis .   n - +2 spear (flame)
rCold   . . .      Faith    .   (no shield)
rNeg    . . .      Spirit   .   b - +0 leather armour
rPois   .          Reflect  .   (no helmet)
rElec   .          Harm     .   (no cloak)
rCorr   +          Rampage  .   (no gloves)
Will    .....                   (no boots)
Stlth   +.........              (no amulet)
HPRegen 0.11/turn               e - ring of resist corrosion
MPRegen 0.10/turn               (no ring)

@: slowed, very slow
A: demonic guardian 1, spiny 1
a: no special abilities


You were on level 2 of the Dungeon.
You visited 1 branch of the dungeon, and saw 2 of its levels.

You collected 74 gold pieces.

Inventory:

Hand Weapons
 g - a +0 hunting sling
 n - a +2 spear of flaming (weapon)
Missiles
 a - 9 poisoned darts
 d - 6 boomerangs of dispersal (quivered)
 l - 2 boomerangs
Armour
 b - a +0 leather armour (worn)
Jewellery
 e - a ring of resist corrosion (left hand)
Scrolls
 c - a scroll of blinking
 f - a scroll of enchant armour {unknown}
 h - a scroll of brand weapon {unknown}
 k - a scroll of noise {unknown}
Potions
 i - 2 potions of resistance {unknown}
 j - a potion of invisibility {unknown}
 m - a potion of might {unknown}


   Skills:
 + Level 2.5 Fighting
 + Level 1.7 Polearms
 + Level 2.1(2.2) Slings
 + Level 0.8(1.6) Throwing
 + Level 1.4 Armour
 + Level 2.0 Dodging
 + Level 0.1 Stealth
 + Level 2.1 Spellcasting
 + Level 2.9 Translocations


You had 5 spell levels left.
You knew the following spells:

 Your Spells              Type           Power      Damage    Failure   Level
a - Blink                 Tloc           22%        N/A       12%         2

Your spell library contained the following spells:

 Spells                   Type           Power      Damage    Failure   Level
 Gell's Gravitas          Tloc           11%        N/A       24%         3
 Lesser Beckoning         Tloc           11%        N/A       24%         3
 Teleport Other           Tloc           11%        N/A       24%         3
 Manifold Assault         Tloc           11%        N/A       92%         5


Dungeon Overview and Level Annotations

Branches:
Dungeon (2/15)

Altars:

Annotations:
D:2 Crazy Yiuf


Innate Abilities, Weirdness & Mutations

A weak demonic guardian rushes to your aid.
You are partially covered in sharp spines.


Message History

Your +2 spear of flaming bursts into flame!
n - a +2 spear of flaming (weapon)
Reach: n) +2 spear (flame)
Press: ? - help, Dir - move target, f - Crazy Yiuf
Aim: Crazy Yiuf, wielding a +4 quarterstaff of chaos and wearing a +0 cloak (fire blocked by a runed translucent door, about 34% to evade your +2 spear of flaming)
You can't get through.
Okay, then.
You open the door.
Crazy Yiuf screams, "Prologue aubergine koolooloo!"
You hit Crazy Yiuf but do no damage. Crazy Yiuf barely misses you.
You hit Crazy Yiuf. You burn Crazy Yiuf.
Crazy Yiuf is moderately wounded.
Crazy Yiuf is struck by your spines. Crazy Yiuf barely misses you.
You puncture Crazy Yiuf! You burn Crazy Yiuf.
Crazy Yiuf is severely wounded.
Crazy Yiuf hits you with a +4 quarterstaff of chaos!
A demonic guardian appears!
Crazy Yiuf draws strength from your wounds!
You hit Crazy Yiuf. You burn Crazy Yiuf.
Crazy Yiuf is severely wounded.
Crazy Yiuf laughs, "Ice!
Millenium water cower."
Crazy Yiuf closely misses you.
Your white imp hits Crazy Yiuf but does no damage.
You closely miss Crazy Yiuf.
Crazy Yiuf is severely wounded.
Crazy Yiuf drinks a potion.
Crazy Yiuf is healed!
Your white imp hits Crazy Yiuf.
Your white imp freezes Crazy Yiuf.
You barely miss Crazy Yiuf.
Crazy Yiuf is heavily wounded.
Crazy Yiuf is struck by your spines.
Crazy Yiuf hits you with a +4 quarterstaff of chaos!
* * * LOW HITPOINT WARNING * * *
You feel yourself slow down.
Your white imp gestures at Crazy Yiuf.
The puff of frost hits Crazy Yiuf.
You hit Crazy Yiuf. You burn Crazy Yiuf.
Crazy Yiuf is almost dead.
Crazy Yiuf hits you with a +4 quarterstaff of chaos!!
Ouch! That really hurt!
You die...

#....####...#
# ##..##
#...# #P.PP#
##### #.PP##
##.## #.##
##.# #.##
##@# #g# 5..
#...# #..)#
#####


You could see Crazy Yiuf (ally target) and a friendly white imp (summoned).

Vanquished Creatures
  4 adders (D:2)
  A worm (D:2)
  2 dart slugs
  2 ball pythons
  5 endoplasms
  2 giant cockroaches (D:1)
  2 goblins (D:1)
  4 hobgoblins
  3 kobolds
  A quokka (D:1)
  A frilled lizard (D:1)
  2 rats
29 creatures vanquished.

Vanquished Creatures (collateral kills)
  A quokka (D:2)
1 creature vanquished.

Vanquished Creatures (others)
  2 fungi (D:2)
2 creatures vanquished.

Grand Total: 32 creatures vanquished

Notes
Turn   | Place    | Note
-------+----------+-------------------------------------------
     0 | D:1      | xian the Demonspawn Warper began the quest for the Orb.
     0 | D:1      | Reached XP level 1. HP: 16/16 MP: 3/3
   340 | D:1      | Gained mutation: You are partially covered in sharp spines.
                  | [demonic ancestry]
   340 | D:1      | Reached XP level 2. HP: 16/22 MP: 5/5
   463 | D:1      | Reached skill level 1 in Armour
   943 | D:2      | Reached skill level 1 in Slings
  1089 | D:2      | Gained mutation: A weak demonic guardian rushes to your
                  | aid. [demonic ancestry]
  1089 | D:2      | Reached XP level 3. HP: 28/28 MP: 6/6
  1092 | D:2      | Learned a level 2 spell: Blink
  1407 | D:2      | Reached XP level 4. HP: 34/34 MP: 7/7
  1473 | D:2      | Found a faded altar of an unknown god.
  1563 | D:2      | Found a runed translucent door.
  1564 | D:2      | Noticed Crazy Yiuf
  1575 | D:2      | Mangled by Crazy Yiuf

Illustrated notes

Levels and vault maps discovered:
D:1:      nagdon_arrival_double_spiral, layout_loops_ring
D:2:      layout_basic, shapermc_ecumenical_altar_ellora, serial_bayou_crossing,
          uniq_crazy_yiuf_cottage

Skill      XL: |  1  2  3 |
---------------+----------+-----
Armour         | 1 |  1.4
Slings         | 1 2 |  2.1
Dodging        | 2 |  2.0
Fighting       | |  2.5
Polearms       | |  1.7
Throwing       | |  0.8
Stealth        | |  0.1
Spellcasting   | |  2.1
Translocations | |  2.9

Action                   |  1- 3 |  4- 6 || total
-------------------------+-------+-------++-------
Melee: Spear             |     8 |     7 ||    15
 Fire: Hunting sling     |    95 |     8 ||   103
Throw: Boomerang         |     1 |       ||     1
 Stab: Sleeping          |     1 |       ||     1
Armor: Leather armour    |    13 |     2 ||    15
Dodge: Dodged            |    36 |     3 ||    39

Table legend: (Time is in decaauts)
 A = Elapsed time spent in this place.
 B = Non-inter-level travel time spent in this place.
 C = Inter-level travel time spent in this place.
 D = Time resting spent in this place.
 E = Time spent auto-exploring this place.
 F = Levels seen in this place.
 G = Mean time per level.
                   A        B        C        D        E       F      G
               +--------+--------+--------+--------+--------+-----+--------+
         Total |   1627 |   1605 |     22 |      0 |   1301 |   2 |  813.5 |
       Dungeon |   1627 |   1605 |     22 |      0 |   1301 |   2 |  813.5 |
               +--------+--------+--------+--------+--------+-----+--------+

Top non-repeatable levels by time:
     D:1: 963 daAuts
     D:2: 663 daAuts
